TOP OF THE 1ST |
Southern Maryland Blue Crabs batting - Pitching for Paris Cubs : LHP Tom Mooney
|
Pitching: LHP Tom Mooney
|
|
Batting: RHB Danny Baeza
|
0-0: Fly out, F8 (Flyball, 8LS, EV 75.0 MPH)
|
Batting: RHB Tony Godley
|
0-0: Called Strike 0-1: Ball 1-1: Ball 2-1: Ground out 4-3 (Groundball, 4, EV 106.3 MPH)
|
Batting: RHB Ben Sutton
|
0-0: Foul Ball, location: 2F 0-1: Foul Ball, location: 2F 0-2: Ball 1-2: Foul Ball, location: 2F 1-2: Ball 2-2: Ground out 5-3 (Groundball, 56, EV 101.9 MPH)
|
Top of the 1st over - 0 runs, 0 hits, 0 errors, 0 left on base; Southern Maryland 0 - Paris 0 |
BOTTOM OF THE 1ST |
Paris Cubs batting - Pitching for Southern Maryland Blue Crabs : RHP Fabiano Ceriani
|
Pitching: RHP Fabiano Ceriani
|
|
Batting: RHB Du Kim
|
0-0: Called Strike 0-1: Ball 1-1: Fly out, F7 (Line Drive, 7, EV 97.5 MPH)
|
Batting: RHB Brad Santanello
|
0-0: Fly out, F9 (Flyball, 9D, EV 85.0 MPH)
|
Batting: RHB Ricardo Aguinaga
|
0-0: Fly out, F8 (Flyball, 78D, EV 100.6 MPH)
|
Bottom of the 1st over - 0 runs, 0 hits, 0 errors, 0 left on base; Southern Maryland 0 - Paris 0 |
TOP OF THE 2ND |
Southern Maryland Blue Crabs batting - Pitching for Paris Cubs : LHP Tom Mooney
|
Batting: RHB Ismael Macedo
|
0-0: Foul Ball, location: 2F 0-1: Ground out 5-3 (Groundball, 5, EV 106.3 MPH)
|
Batting: RHB Honório Szenes
|
0-0: Ball 1-0: Called Strike 1-1: Ball 2-1: Ground out 5-3 (Groundball, 5, EV 87.5 MPH)
|
Batting: RHB Mike Pitts
|
0-0: Ball 1-0: Ball 2-0: Ball 3-0: Base on Balls
|
Batting: RHB Ray Sims
|
0-0: Ball 1-0: SINGLE (Line Drive, 3D, EV 105.0 MPH) Mike Pitts to second
|
Batting: LHB Ralph Braine
|
0-0: Foul Ball, location: 2F 0-1: Fly out, F8 (Flyball, 8RM, EV 95.6 MPH)
|
Top of the 2nd over - 0 runs, 1 hit, 0 errors, 2 left on base; Southern Maryland 0 - Paris 0 |
BOTTOM OF THE 2ND |
Paris Cubs batting - Pitching for Southern Maryland Blue Crabs : RHP Fabiano Ceriani
|
Batting: RHB Denis Rachin
|
0-0: Ball 1-0: Ball 2-0: Ball 3-0: Called Strike 3-1: Fly out, F7 (Flyball, 7LM, EV 83.8 MPH)
|
Batting: RHB Khalil Stephens
|
0-0: Ground out 6-3 (Groundball, 56, EV 108.1 MPH)
|
Batting: RHB Gilberto Alvarado
|
0-0: Foul Ball, location: 2F 0-1: Ball 1-1: Ball 2-1: Swinging Strike 2-2: Strikes out swinging passed ball, reaches first!
|
Batting: RHB Josh Burns
|
0-0: Called Strike Gilberto Alvarado steals 2nd base 0-1: Ball 1-1: Foul Ball, location: 2F 1-2: Ball 2-2: Foul Ball, location: 2F 2-2: Ball 3-2: Fly out, F7 (Line Drive, 7, EV 107.5 MPH)
|
Bottom of the 2nd over - 0 runs, 0 hits, 0 errors, 1 left on base; Southern Maryland 0 - Paris 0 |
TOP OF THE 3RD |
Southern Maryland Blue Crabs batting - Pitching for Paris Cubs : LHP Tom Mooney
|
Batting: RHB Danny Ayala
|
0-0: Called Strike 0-1: Called Strike 0-2: Strikes out swinging
|
Batting: RHB Danny Baeza
|
0-0: Ball 1-0: SINGLE (Line Drive, 78S, EV 106.3 MPH)
|
Batting: RHB Tony Godley
|
0-0: Called Strike Danny Baeza is caught stealing 2nd base 2-4 0-1: Called Strike 0-2: Ball 1-2: Foul Ball, location: 2F 1-2: Fly out, F1 (Line Drive, P, EV 65.6 MPH)
|
Top of the 3rd over - 0 runs, 1 hit, 0 errors, 0 left on base; Southern Maryland 0 - Paris 0 |
BOTTOM OF THE 3RD |
Paris Cubs batting - Pitching for Southern Maryland Blue Crabs : RHP Fabiano Ceriani
|
Batting: LHB Hiroki Yamamoto
|
0-0: Swinging Strike 0-1: Foul Ball, location: 2F 0-2: Foul Ball, location: 2F 0-2: Strikes out looking
|
Batting: RHB Alvaro Romero
|
0-0: Called Strike 0-1: Called Strike 0-2: Ball 1-2: Foul Ball, location: 2F 1-2: Ball 2-2: Ball 3-2: Strikes out looking
|
Batting: RHB Du Kim
|
0-0: Ball 1-0: Called Strike 1-1: Ball 2-1: Ball 3-1: Base on Balls
|
Batting: RHB Brad Santanello
|
0-0: Called Strike 0-1: Ball 1-1: Ball Du Kim steals 2nd base 2-1: Ground out 4-3 (Groundball, 4, EV 103.1 MPH)
|
Bottom of the 3rd over - 0 runs, 0 hits, 0 errors, 1 left on base; Southern Maryland 0 - Paris 0 |
TOP OF THE 4TH |
Southern Maryland Blue Crabs batting - Pitching for Paris Cubs : LHP Tom Mooney
|
Batting: RHB Ben Sutton
|
0-0: Ball 1-0: Swinging Strike 1-1: Ball 2-1: Called Strike 2-2: Strikes out swinging
|
Batting: RHB Ismael Macedo
|
0-0: Called Strike 0-1: SINGLE (Flyball, 5D, EV 92.5 MPH)
|
Batting: RHB Honório Szenes
|
0-0: Ball 1-0: Called Strike 1-1: Called Strike 1-2: Ball 2-2: Foul Ball, location: 2F 2-2: Strikes out looking
|
Batting: RHB Mike Pitts
|
0-0: Ball 1-0: Called Strike 1-1: Ball 2-1: Fly out, F9 (Flyball, 9, EV 88.1 MPH)
|
Top of the 4th over - 0 runs, 1 hit, 0 errors, 1 left on base; Southern Maryland 0 - Paris 0 |
BOTTOM OF THE 4TH |
Paris Cubs batting - Pitching for Southern Maryland Blue Crabs : RHP Fabiano Ceriani
|
Batting: RHB Ricardo Aguinaga
|
0-0: Ball 1-0: Called Strike 1-1: Ball 2-1: Ground out 5-3 (Groundball, 56, EV 83.8 MPH)
|
Batting: RHB Denis Rachin
|
0-0: Ball 1-0: Ball 2-0: Called Strike 2-1: SINGLE (Flyball, 34D, EV 94.4 MPH)
|
Batting: RHB Khalil Stephens
|
0-0: Called Strike 0-1: Swinging Strike 0-2: Reached on error, E6 (Groundball, 56, EV 108.1 MPH) Denis Rachin to second
|
Batting: RHB Gilberto Alvarado
|
0-0: Fly out, F8 (Flyball, 8LM, EV 90.6 MPH)
|
Batting: RHB Josh Burns
|
0-0: Ball 1-0: Called Strike 1-1: Swinging Strike 1-2: Strikes out swinging
|
Bottom of the 4th over - 0 runs, 1 hit, 1 error, 2 left on base; Southern Maryland 0 - Paris 0 |
TOP OF THE 5TH |
Southern Maryland Blue Crabs batting - Pitching for Paris Cubs : LHP Tom Mooney
|
Batting: RHB Ray Sims
|
0-0: Fly out, F9 (Flyball, 9LM, EV 83.1 MPH)
|
Batting: LHB Ralph Braine
|
0-0: Called Strike 0-1: Ball 1-1: Foul Ball, location: 2F 1-2: Foul Ball, location: 2F 1-2: Ground out 4-3 (Groundball, 34, EV 83.8 MPH)
|
Batting: RHB Danny Ayala
|
0-0: Ball 1-0: Called Strike 1-1: Foul Ball, location: 2F 1-2: Strikes out swinging
|
Top of the 5th over - 0 runs, 0 hits, 0 errors, 0 left on base; Southern Maryland 0 - Paris 0 |
BOTTOM OF THE 5TH |
Paris Cubs batting - Pitching for Southern Maryland Blue Crabs : RHP Fabiano Ceriani
|
Batting: LHB Hiroki Yamamoto
|
0-0: Called Strike 0-1: Fly out, F6 (Line Drive, 6, EV 68.1 MPH)
|
Batting: RHB Alvaro Romero
|
0-0: Called Strike 0-1: Swinging Strike 0-2: Strikes out swinging
|
Batting: RHB Du Kim
|
0-0: Foul Ball, location: 2F 0-1: Ball 1-1: Ball 2-1: Ball 3-1: Fly out, F6 (Flyball, 56D, EV 74.4 MPH)
|
Bottom of the 5th over - 0 runs, 0 hits, 0 errors, 0 left on base; Southern Maryland 0 - Paris 0 |
TOP OF THE 6TH |
Southern Maryland Blue Crabs batting - Pitching for Paris Cubs : LHP Tom Mooney
|
Batting: RHB Danny Baeza
|
0-0: Fly out, F8 (Flyball, 8LS, EV 90.6 MPH)
|
Batting: RHB Tony Godley
|
0-0: Ball 1-0: Foul Ball, location: 2F 1-1: Ball 2-1: Ball 3-1: Ground out 4-3 (Groundball, 4, EV 81.3 MPH)
|
Batting: RHB Ben Sutton
|
0-0: Called Strike 0-1: SINGLE (Groundball, 56, EV 95.6 MPH)
|
Batting: RHB Ismael Macedo
|
0-0: Ball 1-0: Ball 2-0: Ball 3-0: Base on Balls Ben Sutton to second
|
Batting: RHB Honório Szenes
|
0-0: Called Strike 0-1: Swinging Strike 0-2: Ball 1-2: Strikes out looking
|
Top of the 6th over - 0 runs, 1 hit, 0 errors, 2 left on base; Southern Maryland 0 - Paris 0 |
BOTTOM OF THE 6TH |
Paris Cubs batting - Pitching for Southern Maryland Blue Crabs : RHP Fabiano Ceriani
|
Batting: RHB Brad Santanello
|
0-0: Ball 1-0: Swinging Strike 1-1: Foul Ball, location: 2F 1-2: Foul Ball, location: 2F 1-2: Fly out, F6 (Popup, 6MD, EV 60.6 MPH)
|
Batting: RHB Ricardo Aguinaga
|
0-0: Ball 1-0: Called Strike 1-1: Fly out, F8 (Flyball, 78D, EV 92.5 MPH)
|
Batting: RHB Denis Rachin
|
0-0: Swinging Strike 0-1: Called Strike 0-2: Ball 1-2: Foul Ball, location: 2F 1-2: Ball 2-2: Strikes out swinging
|
Bottom of the 6th over - 0 runs, 0 hits, 0 errors, 0 left on base; Southern Maryland 0 - Paris 0 |
TOP OF THE 7TH |
Southern Maryland Blue Crabs batting - Pitching for Paris Cubs : LHP Tom Mooney
|
Batting: RHB Mike Pitts
|
0-0: Called Strike 0-1: Called Strike 0-2: Fly out, F9 (Flyball, 89S, EV 88.8 MPH)
|
Batting: RHB Ray Sims
|
0-0: Called Strike 0-1: Ball 1-1: Ball 2-1: Ball 3-1: Called Strike 3-2: Foul Ball, location: 2F 3-2: Strikes out swinging
|
Batting: LHB Ralph Braine
|
0-0: Ball 1-0: Ball 2-0: Called Strike 2-1: SINGLE (Groundball, 34D, EV 108.1 MPH)
|
Batting: RHB Danny Ayala
|
0-0: Ball 1-0: Called Strike 1-1: Called Strike 1-2: Strikes out looking
|
Top of the 7th over - 0 runs, 1 hit, 0 errors, 1 left on base; Southern Maryland 0 - Paris 0 |
BOTTOM OF THE 7TH |
Paris Cubs batting - Pitching for Southern Maryland Blue Crabs : RHP Fabiano Ceriani
|
Pitching: RHP Mark Lloyd
|
|
Batting: RHB Khalil Stephens
|
0-0: SINGLE (Groundball, 13, EV 76.3 MPH) (infield hit)
|
Batting: RHB Gilberto Alvarado
|
0-0: Ball Khalil Stephens steals 2nd base 1-0: Called Strike 1-1: Ball 2-1: Ground out 5-3 (Groundball, 56S, EV 70.6 MPH) Khalil Stephens to third
|
Pinch Hitting: LHB Emir Jalil
|
0-0: Fly out, F9 (Flyball, 89D, EV 95.0 MPH) Runner from 3rd tags up, SCORES, throw by RF
|
Now in RF: Matthew Neal
|
|
Batting: LHB Hiroki Yamamoto
|
0-0: Called Strike 0-1: Called Strike 0-2: Strikes out swinging
|
Bottom of the 7th over - 1 run, 1 hit, 0 errors, 0 left on base; Southern Maryland 0 - Paris 1 |
TOP OF THE 8TH |
Southern Maryland Blue Crabs batting - Pitching for Paris Cubs : LHP Tom Mooney
|
Now at 1B: Chris Stec
|
|
Now in LF: Puluke Konane
|
|
Now in RF: Gilberto Alvarado
|
|
Batting: RHB Danny Baeza
|
0-0: Called Strike 0-1: Ground out 6-3 (Groundball, 6, EV 88.1 MPH)
|
Batting: RHB Tony Godley
|
0-0: Ball 1-0: Foul Ball, location: 2F 1-1: Called Strike 1-2: Ground out 5-3 (Groundball, 56, EV 81.9 MPH)
|
Batting: RHB Matthew Neal
|
0-0: SINGLE (Groundball, 6M, EV 93.8 MPH)
|
Batting: RHB Ismael Macedo
|
0-0: Ball 1-0: DOUBLE (Line Drive, 78XD, EV 106.9 MPH) Matthew Neal to third
|
Batting: RHB Honório Szenes
|
0-0: Fly out, F9 (Line Drive, 9, EV 100.6 MPH)
|
Top of the 8th over - 0 runs, 2 hits, 0 errors, 2 left on base; Southern Maryland 0 - Paris 1 |
BOTTOM OF THE 8TH |
Paris Cubs batting - Pitching for Southern Maryland Blue Crabs : RHP Mark Lloyd
|
Batting: RHB Alvaro Romero
|
0-0: Ball 1-0: Ball 2-0: Fly out, F4 (Line Drive, 4, EV 74.4 MPH)
|
Batting: RHB Puluke Konane
|
0-0: Ball 1-0: Swinging Strike 1-1: Ball 2-1: Foul Ball, location: 2F 2-2: Fly out, F5 (Popup, 5S, EV 70.6 MPH)
|
Batting: RHB Brad Santanello
|
0-0: Ball 1-0: DOUBLE (Groundball, 5L, EV 106.9 MPH)
|
Batting: RHB Ricardo Aguinaga
|
0-0: Called Strike 0-1: Called Strike 0-2: Ball 1-2: Ground out 4-3 (Groundball, 4S, EV 87.5 MPH)
|
Bottom of the 8th over - 0 runs, 1 hit, 0 errors, 1 left on base; Southern Maryland 0 - Paris 1 |
TOP OF THE 9TH |
Southern Maryland Blue Crabs batting - Pitching for Paris Cubs : LHP Tom Mooney
|
Batting: RHB Mike Pitts
|
0-0: SINGLE (Line Drive, 6M, EV 98.1 MPH)
|
Batting: RHB Ray Sims
|
0-0: Bunted foul 0-1: Sac Bunt to 13 - play at first, batter OUT! 1-4 Mike Pitts to second
|
Pinch Hitting: RHB Steve Jones
|
0-0: Called Strike 0-1: Foul Ball, location: 2F 0-2: Ball 1-2: Strikes out swinging passed ball, reaches first! Mike Pitts to third
|
Batting: RHB Danny Ayala
|
0-0: Called Strike 0-1: Ball 1-1: 3-RUN HOME RUN (Flyball, 7D, EV 108.1 MPH), Distance : 400 ft
|
Batting: RHB Danny Baeza
|
0-0: Swinging Strike 0-1: Swinging Strike 0-2: Ball 1-2: Ball 2-2: SINGLE (Line Drive, 8RM, EV 104.4 MPH)
|
Batting: RHB Tony Godley
|
0-0: Called Strike 0-1: Called Strike 0-2: Ball 1-2: Ball 2-2: Foul Ball, location: 2F 2-2: Ball 3-2: SINGLE (Flyball, 89M, EV 91.9 MPH) Danny Baeza to second
|
Batting: RHB Matthew Neal
|
0-0: Ball 1-0: Swinging Strike 1-1: Foul Ball, location: 2F 1-2: Fielders Choice at 2nd, 1-6 (Groundball, 13S, EV 67.5 MPH) Danny Baeza to third
|
Batting: RHB Ismael Macedo
|
0-0: Ball 1-0: Foul Ball, location: 2F 1-1: Fielders Choice at 2nd, 5-4 (Groundball, 56, EV 82.5 MPH)
|
Top of the 9th over - 3 runs, 4 hits, 0 errors, 2 left on base; Southern Maryland 3 - Paris 1 |
BOTTOM OF THE 9TH |
Paris Cubs batting - Pitching for Southern Maryland Blue Crabs : RHP Mark Lloyd
|
Pitching: RHP Harley Hyde
|
|
Now in LF: Antonio Gutierrez
|
|
Batting: RHB Denis Rachin
|
0-0: Ball 1-0: Foul Ball, location: 2F 1-1: Ball 2-1: Ball 3-1: Foul Ball, location: 2F 3-2: Foul Ball, location: 2F 3-2: Strikes out looking
|
Batting: RHB Khalil Stephens
|
0-0: Ball 1-0: Ball 2-0: Called Strike 2-1: Foul Ball, location: 2F 2-2: Ball 3-2: Strikes out swinging
|
Batting: RHB Gilberto Alvarado
|
0-0: Ball 1-0: Fly out, F3 (Popup, 3SF, EV 70.0 MPH)
|
Bottom of the 9th over - 0 runs, 0 hits, 0 errors, 0 left on base; Southern Maryland 3 - Paris 1 |
|